 Dungeon Crawl Stone Soup version 0.17.1-3-g152610e (webtiles) character file.

66 Replikant the Sneak (level 3, -1/16 HPs)
             Began as a Spriggan Enchanter on Mar 27, 2016.
             Slain by a gnoll
             ... wielding a +0 halberd
              (9 damage)
             ... on level 3 of the Dungeon on Mar 28, 2016.
             The game lasted 00:21:04 (2402 turns).

Replikant the Sneak (Spriggan Enchanter)            Turns: 2402, Time: 00:21:04

Health: -1/16      AC:  3    Str:  4    XL:     3   Next: 96%
Magic:  11/17      EV: 18    Int: 17    God:
Gold:   114        SH:  0    Dex: 16    Spells: 2 memorised, 5 levels left

rFire  . . .     SeeInvis +     a - +1 dagger
rCold  . . .     Clarity  .     b - +1 robe
rNeg   . . .     SustAt   .     (shield restricted)
rPois  .         Gourm    .     (helmet restricted)
rElec  .         Spirit   .     (no cloak)
rCorr  .         Warding  .     (gloves unavailable)
rMut   .         Stasis   .     (boots unavailable)
MR     .....                    (no amulet)
Stlth  ++++......               (no ring)
                                j - ring of magical power

@: very slightly contaminated, very quick, not resistant to hostile
enchantments, stealthy
A: unfitting armour, see invisible, herbivore 3, speed 3, slow metabolism 2
a: no special abilities


You were on level 3 of the Dungeon.
You were not hungry.

You visited 1 branch of the dungeon, and saw 4 of its levels.

You collected 114 gold pieces.

Inventory:

Hand Weapons
 a - a +1 dagger (weapon)
Missiles
 i - 32 stones (quivered)
Armour
 b - a +1 robe (worn)
Jewellery
 j - a ring of magical power (left hand)
 l - an uncursed amulet of stasis {unknown}
Scrolls
 e - 2 scrolls of teleportation
 f - 3 scrolls of recharging
 g - a scroll of identify
 h - a scroll of noise {unknown}
Potions
 k - 2 potions of curing {unknown}
 m - a potion of resistance {unknown}
 n - a potion of might {unknown}
 o - a potion of brilliance {unknown}
Books
 c - a book of Maledictions

   Spells                             Type                      Level
   a - Corona                         Hexes                        1
   b - Ensorcelled Hibernation        Hexes/Ice                    2
   c - Confuse                        Hexes                        3
   d - Tukima's Dance                 Hexes                        3
   e - Dazzling Spray                 Conjuration/Hexes            3
Comestibles
 d - a bread ration


   Skills:
 + Level 0.1 Fighting
 + Level 1.2 Short Blades
 - Level 3.3 Dodging
 + Level 6.2 Stealth
 + Level 3.1 Spellcasting
 + Level 4.2 Hexes
 + Level 0.1 Ice Magic


You had 5 spell levels left.
You knew the following spells:

 Your Spells              Type           Power        Failure   Level  Hunger
a - Corona                Hex            ###....      2%          1    None
b - Ensorcelled Hibernat  Hex/Ice        ##....       14%         2    ##.....


Dungeon Overview and Level Annotations

Branches:
Dungeon (4/15)
 Temple: D:4-7

Altars:


Innate Abilities, Weirdness & Mutations

You are tiny and cannot use many weapons and most armour.
You have supernaturally acute eyesight.
You are a herbivore.
You cover ground extremely quickly.
You need consume almost no food.


Message History

Aim: a gnoll, wielding a flail (chance to defeat MR: 50%)
The gnoll resists with some effort.
The gnoll misses you. The gnoll barely misses you. The gnoll misses you.
Casting: Ensorcelled Hibernation
Confirm with . or Enter, or press ? or * to list all spells.
Aiming: Ensorcelled Hibernation
Press: ? - help, Shift-Dir - straight line, f/p - gnoll
Aim: a gnoll, wielding a flail (chance to defeat MR: 50%)
You miscast Ensorcelled Hibernation.
You are very lightly contaminated with residual magic.
You hear an indistinct dissonance whispering inside your mind.
The gnoll hits you with a flail!
Ouch! That really hurt!
The gnoll barely misses you. The gnoll hits you but does no damage.
You hit the gnoll.
The gnoll is moderately wounded.
The gnoll closely misses you.
The gnoll hits you from afar with a halberd!
Ouch! That really hurt!
You die...

#.# #.# #.# #.#
..####.#######
..............#
.############.##
#....# #@##.##
#######g##..##
..?...ggS....#
.............#
≈≈r≈≈.≈≈.≈≈≈≈#
≈≈≈≈≈≈≈≈≈≈≈≈≈#
≈≈≈≈≈≈≈≈≈≈≈≈≈#
####≈≈≈≈≈≈≈≈≈#
#≈≈≈≈≈≈≈≈≈#


You could see 3 gnolls and a ball python.

Vanquished Creatures
  2 adders (D:2)
  A gnoll (D:3)
  A worm (D:2)
  3 giant cockroaches
  3 goblins
  6 hobgoblins
  3 jackals (D:1)
  A ball python (D:2)
  2 bats
  2 giant newts
  6 kobolds
  6 rats
36 creatures vanquished.

Notes
Turn   | Place    | Note
--------------------------------------------------------------
     0 | D:1      | Replikant the Spriggan Enchanter began the quest for the Orb.
     0 | D:1      | Reached XP level 1. HP: 9/9 MP: 5/5
   487 | D:1      | Reached XP level 2. HP: 13/13 MP: 6/6
   491 | D:1      | Learned a level 2 spell: Ensorcelled Hibernation
  1095 | D:2      | Reached skill level 5 in Stealth
  1095 | D:2      | Reached XP level 3. HP: 16/16 MP: 8/8
  2069 | D:2      | Reached skill level 6 in Stealth
  2402 | D:3      | Slain by a gnoll

Action                   || total
-------------------------++-------
Melee: Dagger            ||   107
 Cast: Ensorcelled Hiber ||     4
  Use: Scroll            ||     3
 Stab: Sleeping          ||    15
